 Dungeon Crawl Stone Soup version 0.25-a0-549-g6e6e6501ad (webtiles) character file.

Game seed: 13870155690156197149, levelgen mode: deterministic

363 tilp the Conjurer (level 6, -10/32 HPs)
             Began as a Tengu Air Elementalist on Feb 24, 2020.
             Was an Initiate of Sif Muna.
             Mangled by a gnoll
             ... wielding a +0 halberd
              (16 damage)
             ... on level 5 of the Dungeon.
             The game lasted 00:09:53 (4329 turns).

tilp the Conjurer (Tengu Air Elementalist)          Turns: 4329, Time: 00:09:54

Health: -10/32     AC:  2    Str:  8    XL:     6   Next: 67%
Magic:  9/12       EV: 15    Int: 18    God:    Sif Muna [......]
Gold:   240        SH:  0    Dex: 14    Spells: 6/12 levels left

rFire    . . .     SeeInvis .   a - +6 flail "Ofaroxirgh" {drain, rC+}
rCold    + . .     Gourm    .   (no shield)
rNeg     . . .     Faith    .   e - +0 robe
rPois    .         Spirit   .   n - +0 hat
rElec    .         Reflect  .   (no cloak)
rCorr    .         Harm     .   (no gloves)
MR       .....                  (boots unavailable)
Stlth    ++........             (no amulet)
HPRegen  0.10/turn              (no ring)
MPRegen  0.13/turn              (no ring)

@: flying quickly and evasively, quick
A: beak, talons 3, able to fly
a: Stop Flying, Renounce Religion


You were on level 5 of the Dungeon.
You worshipped Sif Muna.
Sif Muna was noncommittal.
You were not hungry.

You visited 2 branches of the dungeon, and saw 6 of its levels.

You collected 240 gold pieces.

Inventory:

Hand Weapons
 a - the +6 flail "Ofaroxirgh" (weapon) {drain, rC+}
   (You took it off an orc on level 4 of the Dungeon)

   A truly terrible weapon, it drains the life of those it strikes.
   It protects you from cold.
 b - a +0 hunting sling
 u - a +0 dagger
Missiles
 d - 111 stones (quivered)
Armour
 e - a +0 robe (worn)
 n - a +0 hat (worn)
Jewellery
 f - an uncursed ring of teleportation
 t - an uncursed ring of ice
 v - an uncursed ring of protection from fire
Wands
 o - a wand of paralysis (5)
Scrolls
 g - a scroll of immolation {unknown}
 h - a scroll of teleportation
 l - a scroll of fear
 m - a scroll of remove curse
 q - a scroll of amnesia {unknown}
 r - a scroll of enchant armour {unknown}
Potions
 i - a potion of ambrosia
 p - a potion of mutation
 s - a potion of haste {unknown}
Comestibles
 c - 11 rations
 j - 2 chunks of flesh


   Skills:
 - Level 2.1 Dodging
 - Level 2.0 Stealth
 + Level 3.5 Spellcasting
 - Level 6.0 Conjurations
 - Level 6.0 Air Magic


You had 6 spell levels left.
You knew the following spells:

 Your Spells              Type           Power        Failure   Level  Hunger
a - Shock                 Conj/Air       ####         1%          1    None
b - Swiftness             Chrm/Air       ##......     7%          2    ##.....
c - Static Discharge      Conj/Air       ####....     3%          3    ###....

Your spell library contained the following spells:

 Spells                   Type           Power        Failure   Level  Hunger
 Airstrike                Air            ####......   13%         4    ####...
 Lightning Bolt           Conj/Air       ####......   34%         5    ######.


Dungeon Overview and Level Annotations

Branches:
Dungeon (5/15)             Temple (1/1) D:4

Altars:
Ashenzari
Cheibriados
Dithmenos
Elyvilon
Fedhas
Gozag
Hepliaklqana
Makhleb
Okawaru
Qazlal
Ru
Sif Muna
Trog
Uskayaw
Vehumet
Wu Jian
Xom
Yredelemnul
Zin
The Shining One

Annotations:
D:4 2 transporters
D:5 Eustachio


Innate Abilities, Weirdness & Mutations

You have a beak for a mouth.
You have claws for feet.
You can fly continuously.


Message History

You sock the gnoll sergeant! Your peck misses the gnoll sergeant.
The gnoll sergeant is almost dead.
The gnoll sergeant hits you with a +0 spear!
* * * LOW HITPOINT WARNING * * *
The gnoll sergeant hits you with a +0 spear!
* * * LOW HITPOINT WARNING * * *
You hit the gnoll sergeant but do no damage.
The gnoll sergeant is almost dead.
The gnoll barely misses you. The gnoll sergeant misses you.
Unknown command.
Unknown command.
You hit the gnoll sergeant.
You kill the gnoll sergeant!
Sif Muna accepts your kill.
Your life force feels restored.
Your Spellcasting skill increases to level 3!
The gnoll closely misses you.
The gnoll hits you from afar with a +0 halberd!
Ouch! That really hurt!
You die...

#.# #..#.)# .#
#(.#.## .# #..... #
.# #.##.##.# .#
#...g...# #.#
####.#### ..# #.#
### ###########g#
########........@).#
..<......###########
##########


You could see a gnoll.

Vanquished Creatures
  A gnoll sergeant (D:5)
  A howler monkey (D:4)
  A centaur skeleton (D:4)
  An orc priest (D:4)
  An orc wizard (D:4)
  A worker ant (D:4)
  2 adders
  3 gnolls (D:5)
  An ooze (D:4)
  A worm (D:4)
  3 dart slugs
  4 leopard geckos
  9 orcs
  3 ball pythons
  2 giant cockroaches
  11 goblins
  A hobgoblin (D:3)
  10 kobolds
  A quokka (D:2)
  14 bats
  7 frilled lizards
  A leopard gecko skeleton (D:4)
  10 rats
89 creatures vanquished.

Notes
Turn   | Place    | Note
-------+----------+-------------------------------------------
     0 | D:1      | tilp the Tengu Air Elementalist began the quest for the
                  | Orb.
     0 | D:1      | Reached XP level 1. HP: 10/10 MP: 4/4
   278 | D:1      | Reached XP level 2. HP: 15/15 MP: 3/6
   282 | D:1      | Learned a level 2 spell: Swiftness
   621 | D:1      | Reached XP level 3. HP: 19/19 MP: 2/7
   626 | D:1      | Learned a level 3 spell: Static Discharge
  1652 | D:2      | Reached XP level 4. HP: 24/24 MP: 5/8
  2254 | D:3      | Found a snail-covered altar of Cheibriados.
  2284 | D:3      | Found a bloodstained altar of Trog.
  2384 | D:3      | Found a glowing silver altar of Zin.
  2390 | D:3      | Found a glowing golden altar of the Shining One.
  2392 | D:3      | Found a white marble altar of Elyvilon.
  2991 | D:4      | Found a staircase to the Ecumenical Temple.
  2996 | D:4      | Reached skill level 5 in Conjurations
  2996 | D:4      | Reached skill level 5 in Air Magic
  2997 | D:4      | Gained mutation: You can fly continuously. [Tengu growth]
  2997 | D:4      | Reached XP level 5. HP: 14/28 MP: 3/9
  3006 | Temple   | Entered the Ecumenical Temple
  3046 | Temple   | Became a worshipper of Sif Muna the Loreminder
  3122 | D:4      | Found a glowing drain.
  3260 | D:4      | Found a transporter.
  3342 | D:4      | Found a transporter.
  3360 | D:4      | Found a shattered altar of Ashenzari.
  3365 | D:4      | Noticed a phantom
  3831 | D:4      | Found a burning altar of Makhleb.
  3838 | D:4      | Found an opulent altar of Gozag.
  3840 | D:4      | Found a shadowy altar of Dithmenos.
  3841 | D:4      | Found a blossoming altar of Fedhas.
  3908 | D:4      | Reached XP level 6. HP: 32/32 MP: 7/10
  3985 | D:4      | Identified the +6 flail "Ofaroxirgh" {drain, rC+}
  4138 | D:5      | Entered Level 5 of the Dungeon
  4214 | D:5      | Noticed Eustachio
  4329 | D:5      | Mangled by a gnoll

Levels and vault maps discovered:
D:1:      wander_arrival_estate, layout_basic, st_stairs_7
D:2:      layout_basic
D:3:      layout_basic, good_gods_mini_temple, kennysheep_slug_shrine,
          old_standard_altar
D:4:      gammafunk_steamed_eel, layout_rooms, lemuel_doored_altar, minitemple,
          temple_statues, first_ration, cheibrodos_sewer_entry_bend,
          minmay_cupped
D:5:      layout_loops_corners, basic_altar, uniq_sigmund, uniq_eustachio
Temple:   compressed_dpeg_circular_temple

Skill      XL: |  1  2  3  4  5  6 |
---------------+-------------------+-----
Conjurations   | 2 3 4 5 6 |  6.0
Air Magic      | 5 6 |  6.0
Spellcasting   | 3 |  3.5
Dodging        | |  2.1
Stealth        | |  2.0

Action                   |  1- 3 |  4- 6 || total
-------------------------+-------+-------++-------
Melee: Dagger            |       |     9 ||     9
       Peck              |       |     2 ||     2
       Kick              |       |     3 ||     3
       Flail             |       |    10 ||    10
 Cast: Shock             |    74 |    91 ||   165
       Static Discharge  |       |     3 ||     3
 Abil: Fly               |       |     1 ||     1
  Use: Scroll            |       |     9 ||     9
       Potion            |       |     1 ||     1
 Stab: Sleeping          |       |     1 ||     1
  Eat: Chunk             |     4 |     6 ||    10
       Ration            |       |     1 ||     1
Armor: Robe              |     3 |     1 ||     4
Dodge: Dodged            |    12 |    36 ||    48

Table legend:
 A = Non-vault XP
 B = Vault XP
 C = Vault XP percentage of total XP
 D = Non-vault monster count
 E = Vault monster count
 F = Vault count percentage of total count
                 A         B        C        D         E       F
            +---------+---------+-------+---------+---------+-------
      Total |     504 |      15 |   2.9 |      82 |       7 |   7.9
            +---------+---------+-------+---------+---------+-------
        D:1 |      45 |       3 |   6.2 |      29 |       3 |   9.4
        D:2 |      45 |       0 |   0.0 |      19 |       0 |   0.0
        D:3 |      38 |       4 |   9.5 |      19 |       1 |   5.0
        D:4 |     230 |       8 |   3.4 |       9 |       3 |  25.0
        D:5 |     146 |       0 |   0.0 |       6 |       0 |   0.0
            +---------+---------+-------+---------+---------+-------
